 Dungeon Crawl Stone Soup version 0.19-a0-1007-g133f65f (webtiles) character file.

24 khekkus the Firebug (level 2, -6/17 HPs)
             Began as a High Elf Fire Elementalist on July 20, 2016.
             Mangled by Sigmund
             ... wielding a +0 scythe
              (15 damage)
             ... on level 2 of the Dungeon.
             The game lasted 00:05:03 (1228 turns).

khekkus the Firebug (High Elf Fire Elementalist)    Turns: 1228, Time: 00:05:03

Health: -6/17      AC:  3    Str:  7    XL:     2   Next: 79%
Magic:  6/6        EV: 13    Int: 18    God:
Gold:   50         SH:  0    Dex: 15    Spells: 2 memorised, 2 levels left

rFire  . . .     SeeInvis .     h - +0 short sword
rCold  . . .     Gourm    .     a - +0 robe
rNeg   . . .     Faith    .     (no shield)
rPois  .         Spirit   .     (no helmet)
rElec  .         Dismiss  .     (no cloak)
rCorr  .         Reflect  .     g - +0 pair of gloves
SustAt .         Harm     .     (no boots)
MR     .....                    (no amulet)
Stlth  ++........               (no ring)
                                (no ring)

@: not resistant to hostile enchantments, unstealthy
A: no striking features
a: no special abilities


You were on level 2 of the Dungeon.
You were not hungry.

You visited 1 branch of the dungeon, and saw 2 of its levels.

You collected 50 gold pieces.

Inventory:

Hand Weapons
 h - a +0 short sword (weapon)
Armour
 a - a +0 robe (worn)
 g - a +0 pair of gloves (worn)
Scrolls
 e - a scroll of amnesia {unknown}
 i - 2 scrolls of identify {unknown}
Potions
 j - a potion of curing {unknown}
 k - a potion of resistance {unknown}
Books
 b - a book of Flames

   Spells                             Type                      Level
   a - Flame Tongue                   Conjuration/Fire             1
   b - Throw Flame                    Conjuration/Fire             2
   c - Conjure Flame                  Conjuration/Fire             3
   d - Inner Flame                    Hexes/Fire                   3
   e - Sticky Flame                   Conjuration/Fire             4
   f - Fireball                       Conjuration/Fire             5
Comestibles
 c - a bread ration
 d - 4 chunks of flesh
 f - a meat ration


   Skills:
 - Level 2.1 Dodging
 - Level 2.1 Stealth
 - Level 2.4 Spellcasting
 + Level 2.5 Conjurations
 + Level 3.4 Fire Magic


You had 2 spell levels left.
You knew the following spells:

 Your Spells              Type           Power        Failure   Level  Hunger
a - Flame Tongue          Conj/Fire      ##...        6%          1    #......
b - Throw Flame           Conj/Fire      ##....       10%         2    ##.....


Dungeon Overview and Level Annotations

Branches:
Dungeon (2/15)

Altars:
Dithmenos

Annotations:
D:2 Sigmund


Message History

Found 2 poisoned javelins.
Press: ? - help, v - describe, . - travel A shadowy altar of Dithmenos.
A kobold is nearby!
Sigmund the Dreaded comes into view.
He is wielding a scythe.
Found a ring mail.
Sigmund misses you.
Sigmund mumbles some strange words.
Sigmund flickers and vanishes!
Deactivating autopickup; reactivate with Ctrl-A.
Unknown command.
You are confused.
You see here a bat skeleton.
You're too confused to move!
You bump into the rock wall.
You feel less confused. The kobold barely misses you. Something hits you!
Something hits you!
Ouch! That really hurt!
You die...

.......)......#
..........#...#
..###.....##.######.#
#.....###.......#
########.###<########
#.........#..#
#.########)#.# #.#
###.## #.# ####
#.@.###.#
#.###..####.#.....#
###.....#...K.###.#
##..##...รท#####
#....##...#
#..._.#...#
#....##..##
##..##...# ##.....##


There were no monsters in sight!

Vanquished Creatures
  4 dart slugs (D:1)
  5 hobgoblins
  A ball python (D:1)
  2 bats
  A giant newt (D:1)
  A goblin (D:1)
  A kobold (D:1)
  3 rats (D:1)
18 creatures vanquished.

Vanquished Creatures (others)
  A giant newt (D:1)
1 creature vanquished.

Grand Total: 19 creatures vanquished

Notes
Turn   | Place    | Note
-------+----------+-------------------------------------------
     0 | D:1      | khekkus the High Elf Fire Elementalist began the quest for the Orb.
     0 | D:1      | Reached XP level 1. HP: 11/11 MP: 4/4
   281 | D:1      | Reached XP level 2. HP: 17/17 MP: 0/6
   285 | D:1      | Learned a level 2 spell: Throw Flame
  1182 | D:2      | Found a shadowy altar of Dithmenos.
  1210 | D:2      | Noticed Sigmund
  1228 | D:2      | Mangled by Sigmund

Vault maps used:
D:1:      eino_arrival_druids_welcome, serial_bayou_lagoon_a
D:2:      nicolae_dithmenos_through_a_glass_darkly,
          lemuel_coloured_pillars_altar, lemuel_crystal_altar, uniq_robin,
          uniq_terence, uniq_crazy_yiuf_cottage, uniq_sigmund

Skill      XL: |  1 |
---------------+----+-----
Conjurations   | 2 |  2.5
Dodging        | |  2.1
Stealth        | |  2.1
Spellcasting   | |  2.4
Fire Magic     | |  3.4

Action                   || total
-------------------------++-------
Melee: Short sword       ||     8
 Cast: Flame Tongue      ||    34
  Eat: Chunk             ||     1
Armor: Robe              ||     4
Dodge: Dodged            ||    23
